 Dungeon Crawl Stone Soup version 0.31.0-11-ge490571c62 (webtiles) character file.

Game seed: 11061685557816006033

85 Buffagor the Changeling (level 4, -1/38 HPs)
             Began as a Naga Shapeshifter on Jan 31, 2024.
             Frozen to death by an endoplasm (2 damage)
             ... on level 3 of the Dungeon.
             The game lasted 00:05:36 (1484 turns).

Buffagor the Changeling (Naga Shapeshifter)         Turns: 1484, Time: 00:05:36

Health: -1/38      AC:  2    Str: 16    XL:     4   Next: 48%
Magic:  4/4        EV:  9    Int: 11    God:
Gold:   55         SH:  0    Dex: 12    Spells: 3/3 levels left

rFire   . .          .
                       - Unarmed
rCold   . . .        (no shield)
rNeg    . . .        g - +0 leather armour
rPois   +            (helmet currently unavailable)
rElec   .            (cloak currently unavailable)
rCorr   .            (gloves currently unavailable)
SInv    +            (no barding)
Will    .....        (no amulet)
Stlth   +            (no ring)
HPRegen 0.26/turn    (no ring)
MPRegen 0.09/turn

%: no passive effects
@: beast-form, very slow
A: beast (slay +2), AC +1, large, see invisible, deformed body, poison
resistance, slowness 2, spit poison 1, naga tail 1
a: Spit Poison, Begin Untransformation


You were on level 3 of the Dungeon.
You were a hulking beast.
You visited 1 branch of the dungeon, and saw 3 of its levels.

You collected 55 gold pieces.

Inventory:

Hand Weapons
 m - a +0 sling
Missiles
 h - 12 poisoned darts
 j - 21 stones
 o - a throwing net
Armour
 e - a +0 helmet
 g - a +0 leather armour (worn)
Talismans
 c - a beast talisman
 d - a flux talisman
Scrolls
 a - 2 scrolls of identify {unknown}
 i - a scroll of brand weapon {unknown}
 k - a scroll of fog {unknown}
 l - a scroll of amnesia {unknown}
 n - a scroll of enchant armour {unknown}
Potions
 b - a potion of lignification
 f - 2 potions of heal wounds {unknown}


   Skills:
 - Level 1.2 Fighting
 - Level 1.6 Dodging
 - Level 3.2 Unarmed Combat
 * Level 4.6 Shapeshifting


You had 3 spell levels left.
You didn't know any spells.
Your spell library contained the following spells:

 Spells                   Type           Power      Damage    Failure   Level
 Cigotuvi's Dreadful Rot  Necr/Alch/Air  0%         N/A       54%         2
 Ignite Poison            Fire/Alch      0%         N/A       99%         4
 Freezing Cloud           Conj/Ice/Air   0%         6-21      100%        5


Dungeon Overview and Level Annotations

Branches:
Dungeon (3/15)

Altars:

Shops:
D:1 ?


Innate Abilities, Weirdness & Mutations

You are a hulking beast.
Your limbs bulge with bestial killing power. (Slay +2)
Your serpentine skin is tough. (AC +1)
You have supernaturally acute eyesight. (SInv)
Armour fits poorly on your strangely shaped body.
Your system is resistant to poisons. (rPois)
You cover ground very slowly.
You can spit poison.
You have a snake-like lower body.


Message History

Aiming: Spit Poison (1% risk of failure)
Press: ? - help, Shift-Dir - straight line, f - gnoll
Aim: a gnoll, wielding a +0 whip (almost dead, 65% to hit)
The splash of poison hits the gnoll.
The gnoll is poisoned.
You kill the gnoll!
You miss the goblin. The goblin misses you.
You hit the goblin.
The goblin is moderately wounded.
The goblin barely misses you.
You barely miss the goblin.
The goblin is moderately wounded.
The goblin hits you but does no damage.
You closely miss the goblin.
The goblin is moderately wounded.
You hit the goblin.
You kill the goblin!
You have got your breath back.
Unknown command.
An endoplasm comes into view.
There is a stone staircase leading up here.
An endoplasm is nearby!
You hit the endoplasm but do no damage. The endoplasm freezes you.
You are frozen.
* * * LOW HITPOINT WARNING * * *
You hit the endoplasm.
The endoplasm is almost dead.
The endoplasm freezes you.
You are frozen.
* * * LOW HITPOINT WARNING * * *
You barely miss the endoplasm.
The endoplasm is almost dead.
The endoplasm freezes you.
You are frozen.
* * * LOW HITPOINT WARNING * * *
You barely miss the endoplasm.
The endoplasm is almost dead.
The endoplasm freezes you.
You are frozen.
You die...

###
#h#
#J#
#)#
#.#
..#
###


You could see an endoplasm.

Vanquished Creatures
  An adder (D:2)
  A gnoll (D:3)
  4 dart slugs
  A ribbon worm (D:3)
  6 bats
  4 endoplasms
  2 giant cockroaches (D:1)
  4 goblins
  5 hobgoblins
  5 quokkas
  9 ball pythons
  3 frilled lizards (D:1)
  2 kobolds (D:2)
  5 rats
52 creatures vanquished.

Notes
Turn   | Place    | Note
-------+----------+-------------------------------------------
     0 | D:1      | Buffagor the Naga Shapeshifter began the quest for the Orb.
     0 | D:1      | Reached XP level 1. HP: 18/18 MP: 1/1
   119 | D:1      | Reached XP level 2. HP: 25/25 MP: 2/2
   282 | D:1      | Reached XP level 3. HP: 31/31 MP: 3/3
   305 | D:1      | Found a faded altar of an unknown god.
   351 | D:1      | Found Ametej's Magic Scroll Shop.
   717 | D:2      | Reached skill level 4 in Shapeshifting
  1038 | D:2      | Reached XP level 4. HP: 38/38 MP: 4/4
  1483 | D:3      | HP: 1/38 [frozen (4)]
  1484 | D:3      | Frozen to death by an endoplasm

Illustrated notes

Levels and vault maps discovered:
D:1:      amcnicky_arrival_flooded_fountain, layout_rooms, serial_shops,
          nicolae_shop_behind_doors, basic_ecumenical_altar
D:2:      minmay_angry_zag, layout_basic
D:3:      layout_basic, uniq_terence

Skill      XL: |  1  2  3 |
---------------+----------+-----
Shapeshifting  | 4 |  4.6
Fighting       | |  1.2
Dodging        | |  1.6
Unarmed Combat | |  3.2

Action                     |  1- 3 |  4- 6 || total
---------------------------+-------+-------++-------
  Melee: Unarmed           |    68 |    32 ||   100
Ability: Spit Poison       |    32 |     6 ||    38
 Armour: Animal skin       |    18 |       ||    18
         Leather armour    |    42 |     9 ||    51
  Dodge: Dodged            |    35 |    11 ||    46
